 Dungeon Crawl Stone Soup version 0.25.0-1-g7eea58d (webtiles) character file.

Game seed: 18206733971781426371

12173 Dorkslayer the Grappler (level 11, -1/98 HPs)
             Began as a Troll Fighter on June 30, 2020.
             Was a High Priest of Okawaru.
             Slain by a cyan ugly thing (12 damage)
             ... on level 11 of the Dungeon.
             The game lasted 00:48:11 (10412 turns).

Dorkslayer the Grappler (Troll Fighter)            Turns: 10412, Time: 00:48:12

Health: -1/98      AC:  8    Str: 26    XL:     11   Next: 59%
Magic:  13/13      EV: 14    Int:  5    God:    Okawaru [*****.]
Gold:   419        SH: 10    Dex: 11    Spells: 10/10 levels left

rFire    . . .     SeeInvis .     - Unarmed
rCold    . . .     Gourm    +   b - +0 kite shield
rNeg     + . .     Faith    .   i - +0 troll leather armour
rPois    .         Spirit   .   (helmet restricted)
rElec    .         Reflect  .   a - scarf {repulsion}
rCorr    .         Harm     .   (gloves unavailable)
MR       .....                  (boots unavailable)
Stlth    +.........             (no amulet)
HPRegen  1.06/turn              F - ring of positive energy
MPRegen  0.13/turn              B - +4 ring of evasion

@: repel missiles
A: large, unfitting armour, claws 3, fast metabolism 3, gourmand, regeneration
1, shaggy fur 1, tough skin 3
a: Heroism, Finesse, Renounce Religion


You were on level 11 of the Dungeon.
You worshipped Okawaru.
Okawaru was extremely pleased with you.
You were not hungry.

You visited 2 branches of the dungeon, and saw 12 of its levels.
You also visited: Bailey.

You collected 1055 gold pieces.
You spent 636 gold pieces at shops.

Inventory:

Hand Weapons
 y - the +8 fustibalus of the Median {vorpal, SInv}
   (You found it in a bailey)

   Any stone fired from it inflicts extra damage.
   It lets you see invisible.
 M - a +0 scimitar of flaming
Missiles
 k - 509 stones
 t - 11 boomerangs
 u - 63 sling bullets
 w - 21 javelins (quivered)
 D - a curare-tipped dart
 R - 2 throwing nets
Armour
 a - a scarf of repulsion (worn)
 b - a +0 kite shield (worn)
 i - a +0 troll leather armour (worn)
Jewellery
 l - an uncursed ring of flight
 B - a +4 ring of evasion (right claw)
 F - a ring of positive energy (left claw)
Wands
 e - a wand of polymorph (6)
 n - a wand of iceblast (11)
 J - a wand of enslavement (6)
 P - a wand of disintegration (15)
 Q - a wand of acid (12)
Scrolls
 f - 4 scrolls of magic mapping
 g - a scroll of immolation {unknown}
 m - 4 scrolls of teleportation {unknown}
 p - a scroll of fog {unknown}
 q - a scroll of fear {unknown}
 r - 2 scrolls of amnesia {unknown}
 s - 4 scrolls of enchant armour {unknown}
 v - 4 scrolls of random uselessness {unknown}
 G - 2 scrolls of remove curse
 H - a scroll of brand weapon {unknown}
 K - 2 scrolls of blinking {unknown}
 S - a scroll of torment {unknown}
 U - a scroll of summoning {unknown}
Potions
 h - 2 potions of stabbing
 j - 2 potions of curing
 o - 4 potions of brilliance
 z - a potion of magic {unknown}
 C - a potion of berserk rage {unknown}
 E - 2 potions of heal wounds
 I - 3 potions of haste
 L - a potion of might
 N - a potion of flight {unknown}
Miscellaneous
 A - a tin of tremorstones (3/3)
 O - a lightning rod (inert)
Comestibles
 c - a chunk of flesh
 d - 28 rations


   Skills:
 + Level 3.8 Fighting
 * Level 1.0(1.8) Slings
 + Level 3.1(3.2) Throwing
 + Level 0.4 Armour
 + Level 5.0 Dodging
 + Level 1.2 Stealth
 + Level 5.3 Shields
 * Level 13.2 Unarmed Combat
 * Level 4.5 Invocations
 * Level 4.7 Evocations


You had 10 spell levels left.
You didn't know any spells.
Your spell library contained the following spells:

 Spells                   Type           Power        Failure   Level  Hunger
 Confusing Touch          Hex            #.......     99%         3    ####...
 Gell's Gravitas          Tloc           #.........   99%         3    ####...
 Petrify                  Tmut/Erth      #.......     100%        4    #####..
 Metabolic Englaciation   Hex/Ice        #.........   100%        5    ######.
 Yara's Violent Unravell  Hex/Tmut       #.........   100%        5    ######.


Dungeon Overview and Level Annotations

Branches:
Dungeon (11/15)            Temple (1/1) D:6            Lair (0/6) D:10
    Orc (0/2) D:10         Bailey (visited)

Altars:
Ashenzari
Cheibriados
Dithmenos
Elyvilon
Fedhas
Gozag
Hepliaklqana
Kikubaaqudgha
Makhleb
Nemelex Xobeh
Okawaru
Qazlal
Ru
Sif Muna
Trog
Uskayaw
Vehumet
Wu Jian
Xom
Yredelemnul
Zin
The Shining One
Beogh

Shops:
D:9 }


Innate Abilities, Weirdness & Mutations

You are too large for most types of armour.
You have claws for hands.
Your metabolism is lightning-fast.
You like to eat raw meat.
Your natural rate of healing is unusually fast.
You are covered in fur. (AC +1)
You have extremely tough skin. (AC +3)


Message History

The cyan ugly thing is almost dead.
The cyan ugly thing closely misses you.
You closely miss the cyan ugly thing.
The cyan ugly thing is almost dead.
You barely miss the cyan ugly thing.
The cyan ugly thing is almost dead.
The cyan ugly thing trunk-slaps you! The cyan ugly thing shocks you!
You closely miss the cyan ugly thing.
The cyan ugly thing is almost dead.
The cyan ugly thing misses you.
You claw the cyan ugly thing!
The cyan ugly thing is almost dead.
The cyan ugly thing trunk-slaps you. The cyan ugly thing shocks you!
* * * LOW HITPOINT WARNING * * *
You closely miss the cyan ugly thing.
The cyan ugly thing is almost dead.
The cyan ugly thing trunk-slaps you!
* * * LOW HITPOINT WARNING * * *
The cyan ugly thing shocks you!
You die...

########...#.####
#....>..###..##.###########
#.####.## ##..............#
#.#....# #......#..####.#
#.#.##.## ##.#...##..# #.#
#.#.###.###..##.###..####.#
#..........####.# #.......#
###.######## #.# ##.###..#
#.# ##@## #.###..# #.#
#.u.# #......###### ..#
#.....######.###...# #.#
#.......# #>......# ##.
#.........# #...#...# .
+.........+.......#.##
#.........####...##.##
##.......## ##.##...#
##.....## ###...#.


You could see a cyan ugly thing.

Vanquished Creatures
  Erica (D:8)
  2 two-headed ogres
  The ghost of jonnos the Cleaver, a novice MiFi of Okawaru (D:7)
  An unseen horror (D:10)
  A komodo dragon (D:10)
  A troll (D:10)
  Grinder (D:5)
  A merfolk (D:9)
  3 hippogriffs
  A warg (D:7)
  A wyvern (D:11)
  4 yaks (D:10)
  A fire bat (D:6)
  2 hungry ghosts
  Edmund (D:5)
  A water moccasin (D:7)
  18 orc warriors
  5 ice beasts
  2 phantoms (D:7)
  2 sky beasts
  8 ogres
  11 centaurs
  5 big kobolds (D:10)
  A bullfrog (D:9)
  A wyvern zombie (D:9)
  A gnoll sergeant (D:10)
  A water moccasin zombie (D:7)
  A wyvern skeleton (D:11)
  3 scorpions
  A water moccasin skeleton (D:10)
  2 howler monkeys
  3 crimson imps
  A quasit (D:8)
  4 bullfrog skeletons
  A bullfrog zombie (D:6)
  5 hounds
  6 orc priests
  7 orc wizards
  7 worker ants
  A hound skeleton (D:6)
  A worker ant zombie (D:7)
  14 gnolls
  9 adders
  A hound simulacrum (D:8)
  A white imp (D:8)
  A worker ant simulacrum (D:8)
  2 ufetubi (D:8)
  2 oozes
  6 worms
  A dart slug (D:2)
  7 leopard geckos
  69 orcs
  9 bats
  4 giant cockroaches
  11 goblins
  6 hobgoblins
  11 jackals
  9 kobolds
  7 quokkas
  6 frilled lizards
  A jackal zombie (D:5)
  A leopard gecko simulacrum (D:8)
  A leopard gecko skeleton (D:6)
  2 quokka zombies (D:6)
  10 rats
  2 plants (D:10)
314 creatures vanquished.

Vanquished Creatures (collateral kills)
  An orc warrior (D:7)
  An orc priest (D:7)
  3 orcs (D:7)
5 creatures vanquished.

Vanquished Creatures (others)
  2 orcs (Bailey)
2 creatures vanquished.

Grand Total: 321 creatures vanquished

Notes
Turn   | Place    | Note
-------+----------+-------------------------------------------
     0 | D:1      | Dorkslayer the Troll Fighter began the quest for the Orb.
     0 | D:1      | Reached XP level 1. HP: 22/22 MP: 0/0
   374 | D:1      | Reached XP level 2. HP: 29/29 MP: 1/1
   707 | D:2      | Reached XP level 3. HP: 36/36 MP: 2/2
   870 | D:2      | Reached skill level 3 in Unarmed Combat
   870 | D:2      | Reached XP level 4. HP: 30/44 MP: 3/3
  1131 | D:2      | You fall into a shaft and drop 2 floors!
  1166 | D:4      | Reached XP level 5. HP: 52/52 MP: 4/4
  1222 | D:4      | Reached skill level 4 in Unarmed Combat
  1876 | D:3      | Found a shattered altar of Ashenzari.
  1965 | D:3      | Reached XP level 6. HP: 59/59 MP: 5/5
  2790 | D:4      | Reached skill level 5 in Unarmed Combat
  3109 | D:4      | Reached skill level 1 in Evocations
  3332 | D:4      | Got a buzzing falchion
  3333 | D:4      | Identified the cursed +3 falchion "Onank" {venom, +Fly MP+9
                  | Str-5 SInv} (You found it on level 4 of the Dungeon)
  3351 | D:4      | Reached XP level 7. HP: 53/66 MP: 7/7
  3408 | D:5      | Entered Level 5 of the Dungeon
  3455 | D:5      | Noticed Edmund
  3465 | D:5      | Killed Edmund
  3465 | D:5      | Reached skill level 6 in Unarmed Combat
  3582 | D:5      | Got a slimy hand axe
  3583 | D:5      | Identified the +7 hand axe of the Eggplant {vorpal, +Fly}
                  | (You found it on level 5 of the Dungeon)
  3601 | D:5      | Noticed Grinder
  3632 | D:5      | Killed Grinder
  3648 | D:5      | Reached skill level 7 in Unarmed Combat
  3935 | D:5      | Reached XP level 8. HP: 30/75 MP: 8/8
  4030 | D:5      | Found an ancient bone altar of Kikubaaqudgha.
  4547 | D:6      | Reached skill level 8 in Unarmed Combat
  4732 | D:6      | Found a staircase to the Ecumenical Temple.
  4740 | Temple   | Entered the Ecumenical Temple
  4782 | Temple   | Became a worshipper of Warmaster Okawaru
  4801 | D:6      | Found a stormy altar of Qazlal.
  4831 | D:6      | Reached * piety under Okawaru
  4978 | D:6      | Reached skill level 9 in Unarmed Combat
  5220 | D:7      | Reached XP level 9. HP: 78/81 MP: 10/10
  5594 | D:7      | Reached ** piety under Okawaru
  5681 | D:7      | Reached skill level 10 in Unarmed Combat
  5849 | D:7      | Found a runed translucent gate.
  5849 | D:7      | Found a runed translucent gate.
  5849 | D:7      | Found a runed translucent gate.
  5849 | D:7      | Identified the +4 chain mail of Neits {MR+ Dex+4}
  5850 | D:7      | Found a roughly hewn altar of Beogh.
  5853 | D:7      | Noticed jonnos's ghost (novice MiFi)
  5872 | D:7      | Reached skill level 1 in Invocations
  5887 | D:7      | Killed jonnos's ghost
  5894 | D:7      | Reached *** piety under Okawaru
  5929 | D:7      | Got a smoking robe
  5940 | D:7      | Identified the +1 robe of the Armadillo {rElec MR- Int+5
                  | Dex-3 SInv} (You found it on level 7 of the Dungeon)
  6289 | D:8      | Noticed Erica
  6306 | D:8      | Killed Erica
  6306 | D:8      | Reached skill level 1 in Stealth
  6306 | D:8      | Reached skill level 11 in Unarmed Combat
  6306 | D:8      | Reached XP level 10. HP: 68/91 MP: 8/11
  6910 | D:8      | Reached **** piety under Okawaru
  7233 | D:9      | Found Haegg's Gadget Shop.
  7238 | D:9      | Bought a lightning rod (4/4) for 480 gold pieces
  7238 | D:9      | Bought a wand of iceblast (9) for 156 gold pieces
  7273 | D:9      | Found an iron altar of Okawaru.
  7284 | D:9      | Found a flagged portal.
  7292 | Bailey   | Entered a bailey
  7601 | Bailey   | Reached skill level 12 in Unarmed Combat
  8045 | Bailey   | Reached skill level 1 in Throwing
  8076 | Bailey   | Got a brightly glowing fustibalus
  8392 | D:9      | Noticed a two-headed ogre
  8399 | D:9      | Killed a two-headed ogre
  8399 | D:9      | Reached skill level 5 in Shields
  8505 | D:9      | Reached XP level 11. HP: 89/98 MP: 13/13
  8779 | D:9      | Reached ***** piety under Okawaru
  9096 | D:10     | Entered Level 10 of the Dungeon
  9103 | D:10     | Identified the +8 fustibalus of the Median {vorpal, SInv}
                  | (You found it in a bailey)
  9136 | D:10     | Found a staircase to the Lair.
  9762 | D:10     | Found a staircase to the Orcish Mines.
 10046 | D:10     | Noticed a two-headed ogre
 10058 | D:10     | Killed an unseen horror
 10058 | D:10     | Reached skill level 13 in Unarmed Combat
 10061 | D:10     | Killed a two-headed ogre
 10061 | D:10     | Received a gift from Okawaru
 10061 | D:10     | Reached skill level 1 in Slings
 10061 | D:10     | Reached skill level 5 in Dodging
 10395 | D:11     | Noticed a cyan ugly thing
 10412 | D:11     | Slain by a cyan ugly thing

Illustrated notes

Levels and vault maps discovered:
D:1:      lemuel_arrival_broad_hall, layout_loops_ring
D:2:      layout_loops_corners, serial_bayou, serial_bayou_pond_b,
          serial_bayou_pond_b, serial_bayou_shore_b, serial_bayou_pond_c,
          minmay_joined_circles
D:3:      layout_rooms, ashenzari_conservatory_becter, serial_co_window_serial,
          co_window_paths_b, co_window_corner_a, co_window_paths_b,
          co_window_corner_a, co_window_of_opportunity_a, co_window_paths_a,
          co_window_paths_b, co_window_cross_3, co_window_corner_b,
          co_window_broadway_c, co_window_of_opportunity_b, co_window_2corner,
          co_window_corner_ca
D:4:      layout_basic, first_ration
D:5:      layout_basic, basic_altar, uniq_grinder, uniq_edmund
D:6:      layout_basic, minmay_temple_entry_glassed_door, basic_altar
D:7:      layout_loops_ring, biasface_ghost_orc_armoury,
          kennysheep_generic_room_14
D:8:      minmay_general_purpose_star, layout_basic, serial_ice, serial_ice_e,
          serial_ice_g, serial_ice_h, serial_ice_a, serial_ice_d, uniq_erica
D:9:      layout_roguey, lightli_bailey_entry_fortress, serial_shops, shop,
          hangedman_fish_farm, minmay_misc_feat_more_columns, okawaru_gym_becter
D:10:     layout_roguey, david_lair_shrubbed,
          kennysheep_orc_monster_closet_entryway, nooodl_food_tri
D:11:     layout_loops_corners
Temple:   compressed_dpeg_circular_temple

Skill      XL: |  1  2  3  4  5  6  7  8  9 10 11 |
---------------+----------------------------------+-----
Unarmed Combat | 3 4 5 7 9 11 12 13 | 13.2
Shields        | 3 4 5 |  5.3
Dodging        | 3 4 5 |  5.0
Evocations     | 1 2 3 4 |  4.7
Fighting       | 3 |  3.8
Invocations    | 2 3 4 |  4.5
Stealth        | 1 |  1.2
Throwing       | 3 |  3.1
Slings         | 1 |  1.0
Armour         | |  0.4

Action                   |  1- 3 |  4- 6 |  7- 9 | 10-12 || total
-------------------------+-------+-------+-------+-------++-------
Melee: Unarmed           |    80 |   206 |   272 |   311 ||   869
Throw: Stone             |     4 |       |     1 |       ||     5
       Boomerang         |       |       |     3 |    71 ||    74
       Dart              |       |       |     8 |     5 ||    13
       Javelin           |       |       |       |    10 ||    10
Invok: Heroism           |       |       |     3 |     5 ||     8
Evoke: Wand              |       |       |     6 |    19 ||    25
       Lightning rod     |       |       |       |     4 ||     4
  Use: Scroll            |       |     3 |     3 |     6 ||    12
       Potion            |       |       |     3 |     5 ||     8
 Stab: Sleeping          |     2 |     2 |       |     2 ||     6
       Invisible         |       |       |       |     3 ||     3
  Eat: Chunk             |     8 |    20 |    31 |    42 ||   101
       Ration            |     1 |       |       |       ||     1
Armor: Robe              |    26 |    56 |    38 |    47 ||   167
       Troll leather arm |       |       |       |     9 ||     9
Dodge: Dodged            |    18 |    47 |    85 |   168 ||   318
Block: Kite shield       |    29 |    89 |    85 |   175 ||   378
